 Dungeon Crawl Stone Soup version 0.29.1-14-g9c671dbff4 (webtiles) character file.

Game seed: 6146943982912414027

7 growler the Magician (level 1, 0/16 HPs)
             Began as a Demonspawn Wanderer on Feb 14, 2023.
             Frozen to death by an endoplasm (4 damage)
             ... on level 1 of the Dungeon.
             The game lasted 00:00:45 (335 turns).

growler the Magician (Demonspawn Wanderer)           Turns: 335, Time: 00:00:46

Health: 0/16       AC:  8    Str: 13    XL:     1   Next: 83%
Magic:  4/4        EV:  5    Int: 14    God:
Gold:   19         SH:  0    Dex: 10    Spells: 5/6 levels left

rFire   . . .      SeeInvis .   a - +0 club
rCold   . . .      Faith    .   (no shield)
rNeg    . . .      Spirit   .   d - +0 chain mail
rPois   .          Reflect  .   (no helmet)
rElec   .          Harm     .   (no cloak)
rCorr   .          Rampage  .   (no gloves)
Will    .....                   (no boots)
Stlth   ..........              (no amulet)
HPRegen 0.05/turn               (no ring)
MPRegen 0.09/turn               (no ring)

@: no status effects
A: no striking features
a: no special abilities


You were on level 1 of the Dungeon.
You visited 1 branch of the dungeon, and saw 1 of its levels.

You collected 19 gold pieces.

Inventory:

Hand Weapons
 a - a +0 club (weapon)
Missiles
 e - 3 poisoned darts
Armour
 d - a +0 chain mail (worn)
Scrolls
 b - 2 scrolls of teleportation
 f - a scroll of noise {unknown}
 g - a scroll of summoning {unknown}
Potions
 c - a potion of lignification


   Skills:
 + Level 2.0 Fighting
 - Level 1.7 Armour
 - Level 1.0 Stealth
 - Level 3.0 Spellcasting
 - Level 1.7 Fire Magic
 - Level 1.2 Invocations


You had 5 spell levels left.
You knew the following spells:

 Your Spells              Type           Power      Damage    Failure   Level
a - Foxfire               Conj/Fire      16%        2x1d4     99%         1

Your spell library contained the following spells:

 Spells                   Type           Power      Damage    Failure   Level
 Ignite Poison            Fire/Tmut/Pois 3%         N/A       100%        3


Dungeon Overview and Level Annotations

Branches:
Dungeon (1/15)

Altars:


Message History

You kill the goblin!
The jackal barely misses you.
You hit the jackal.
The jackal is moderately wounded.
The jackal barely misses you.
The jackal bites you but does no damage.
You closely miss the jackal.
The jackal is moderately wounded.
The jackal bites you. x2
You hit the jackal.
The jackal is severely wounded.
The jackal bites you but does no damage.
You barely miss the jackal.
The jackal is severely wounded.
The jackal bites you but does no damage. x2
You hit the jackal but do no damage.
The jackal is severely wounded.
The jackal bites you but does no damage. x2
You closely miss the jackal.
The jackal is severely wounded.
The jackal barely misses you. x2
You closely miss the jackal.
The jackal is heavily wounded.
The jackal bites you but does no damage.
The jackal completely misses you.
You hit the jackal but do no damage.
The jackal is heavily wounded.
The jackal bites you but does no damage.
You hit the jackal.
You kill the jackal!
Your Fighting skill increases to level 2!
You barely miss the endoplasm. The endoplasm freezes you.
You are frozen.
* * * LOW HITPOINT WARNING * * *
The endoplasm hits you but does no damage.
You barely miss the endoplasm. The endoplasm freezes you.
You are frozen.
You die...

#.##........#..###.######
. #.#.⌠.⌠.###.#......#
#.#.....#.'.#...####
#.'..8..#<#.#...#
###.....#.+.#...### ####
#.⌠.⌠.###.#.....#.....
##........#......J.....
##...8.8.####J#.......
##...8..# #@##......
##.8.8.# #.# ......
#.....# #.# .##...
####### #.# . ... ..# .
## ..# ... ...#


You could see an endoplasm.

Vanquished Creatures
  2 goblins (D:1)
  A hobgoblin (D:1)
  2 jackals (D:1)
5 creatures vanquished.

Notes
Turn   | Place    | Note
-------+----------+-------------------------------------------
     0 | D:1      | growler the Demonspawn Wanderer began the quest for the
                  | Orb.
     0 | D:1      | growler set off with the following items: a +0 club, a
                  | scroll of teleportation, a potion of lignification, a +0
                  | chain mail; and the following spell memorised: Foxfire; and
                  | the following spells available to memorise: Ignite Poison.
     0 | D:1      | Reached XP level 1. HP: 15/15 MP: 4/4
   335 | D:1      | Frozen to death by an endoplasm

Illustrated notes

Levels and vault maps discovered:
D:1:      ncdulo_halloftheorcs, layout_basic,
          hellmonk_ecumenical_altar_crossroads, nicolae_titane

Skill      XL: |  1 |
---------------+----+-----
Fighting       | 2 |  2.0
Armour         | |  1.7
Stealth        | |  1.0
Spellcasting   | |  3.0
Fire Magic     | |  1.7
Invocations    | |  1.2

Action                   || total
-------------------------++-------
Melee: Club              ||    35
Armor: Chain mail        ||    29
Dodge: Dodged            ||    16
